 Dungeon Crawl Stone Soup version 0.24.1-8-ga250c9d538 (webtiles) character file.

Game seed: 1834117508699878038, levelgen mode: deterministic

154 Peloso the Covered (level 5, -3/41 HPs)
             Began as a Demonspawn Fighter on Apr 27, 2020.
             Killed from afar by Sigmund (9 damage)
             ... with a puff of flame
             ... on level 3 of the Dungeon.
             The game lasted 00:04:49 (2517 turns).

Peloso the Covered (Demonspawn Fighter)             Turns: 2517, Time: 00:04:49

Health: -3/41      AC:  7    Str: 17    XL:     5   Next: 13%
Magic:  5/5        EV:  7    Int: 10    God:
Gold:   100        SH:  9    Dex: 12    Spells: 4/4 levels left

rFire    . . .     SeeInvis .   a - +0 long sword
rCold    . . .     Gourm    .   c - +0 shield
rNeg     . . .     Faith    .   b - +0 scale mail
rPois    .         Spirit   .   (no helmet)
rElec    .         Reflect  .   (no cloak)
rCorr    .         Harm     .   (no gloves)
MR       .....                  (no boots)
Stlth    +.........             (no amulet)
HPRegen  0.13/turn              (no ring)
MPRegen  0.09/turn              (no ring)

@: no status effects
A: hooves 1, nightstalker 1
a: no special abilities


You were on level 3 of the Dungeon.
You were hungry.

You visited 1 branch of the dungeon, and saw 3 of its levels.

You collected 100 gold pieces.

Inventory:

Hand Weapons
 a - a +0 long sword (weapon)
Armour
 b - a +0 scale mail (worn)
 c - a +0 shield (worn)
Jewellery
 m - an uncursed amulet of the gourmand {unknown}
Wands
 p - a wand of disintegration (10)
Scrolls
 e - 2 scrolls of teleportation {unknown}
 g - 2 scrolls of amnesia
 h - 2 scrolls of enchant weapon {unknown}
 i - 3 scrolls of identify
 j - a scroll of noise {unknown}
 l - 2 scrolls of random uselessness {unknown}
 n - a scroll of enchant armour {unknown}
 q - 2 scrolls of remove curse
 s - a scroll of fear {unknown}
 t - a scroll of fog {unknown}
Potions
 d - a potion of might
 k - a potion of invisibility
 o - a potion of haste
Comestibles
 f - 3 rations
 r - a chunk of flesh


   Skills:
 + Level 3.3 Fighting
 + Level 2.9 Long Blades
 + Level 3.7 Armour
 + Level 1.2 Dodging
 + Level 0.3 Stealth
 + Level 3.2 Shields


You had 4 spell levels left.
You didn't know any spells.
Your spell library was empty.

Dungeon Overview and Level Annotations

Branches:
Dungeon (3/15)

Altars:
Gozag
Kikubaaqudgha
Ru
Wu Jian

Annotations:
D:3 Sigmund


Innate Abilities, Weirdness & Mutations

You have large cloven feet.
You are slightly more attuned to the shadows.


Message History

Sigmund is moderately wounded.
Sigmund hits you with a +0 scythe. The worm bites you.
You hit Sigmund.
Sigmund is heavily wounded.
Sigmund casts a spell at you. The magic dart hits you.
The worm closely misses you. Sigmund hits you with a +0 scythe.
You closely miss Sigmund. Your kick misses Sigmund.
Sigmund is heavily wounded.
The worm bites you but does no damage.
Sigmund screams, "Only death can liberate you!"
Sigmund gestures at you while chanting. The magic dart hits you!
* * * LOW HITPOINT WARNING * * *
Okay, then.
Sigmund hits you from afar with a +0 scythe.
* * * LOW HITPOINT WARNING * * *
Sigmund casts a spell at you. The puff of flame hits you!
You die...

#.##.#.#######..###. #..## #.
#.##.#.......#.#. #...# #. #.#
.#######.# #.#.# #. #.# .. #.#
#.#.###. ..##.# #.......
..#.###############.##.
#.#...†.........<......
#.##############.##..#. .......#
#.....@................
.......####.....##########.###...
.......#..@......................
.......#.##.....#######.#######..
...[..(#.##.....# #....)......>
..@....#.##.....# #.#.###..####
##'#####.######## #.#......#..+
#..@w..@.# #.######.#.##
#......w.# #...........'


You could see Sigmund.

Vanquished Creatures
  Jessica (D:3)
  5 adders
  2 worms (D:2)
  4 dart slugs
  A leopard gecko (D:3)
  5 orcs (D:3)
  3 giant cockroaches
  8 goblins
  2 hobgoblins
  3 jackals (D:2)
  8 kobolds
  A ball python (D:2)
  10 bats
  8 frilled lizards
  7 rats
68 creatures vanquished.

Notes
Turn   | Place    | Note
-------+----------+-------------------------------------------
     0 | D:1      | Peloso the Demonspawn Fighter began the quest for the Orb.
     0 | D:1      | Reached XP level 1. HP: 18/18 MP: 1/1
    69 | D:1      | Gained mutation: You are slightly more attuned to the
                  | shadows. [demonic ancestry]
    69 | D:1      | Reached XP level 2. HP: 15/24 MP: 2/2
   723 | D:2      | Reached XP level 3. HP: 29/29 MP: 3/3
   774 | D:2      | Found a sacrificial altar of Ru.
   775 | D:2      | Found an ancient bone altar of Kikubaaqudgha.
  1191 | D:2      | Found an ornate altar of the Wu Jian Council.
  1551 | D:2      | Gained mutation: You have large cloven feet. [demonic
                  | ancestry]
  1551 | D:2      | Reached XP level 4. HP: 30/35 MP: 4/4
  1778 | D:3      | Reached skill level 1 in Dodging
  1788 | D:3      | Found an opulent altar of Gozag.
  2364 | D:3      | Noticed Jessica
  2371 | D:3      | Killed Jessica
  2371 | D:3      | Reached XP level 5. HP: 37/41 MP: 5/5
  2489 | D:3      | Noticed Sigmund
  2517 | D:3      | Killed from afar by Sigmund

Levels and vault maps discovered:
D:1:      saegor_arrival_simple_a, layout_basic
D:2:      layout_basic, lemuel_doored_altar, gammafunk_temple_overflow_statue
D:3:      layout_basic, nicolae_gozag_seed_capital, first_ration, uniq_sigmund,
          uniq_jessica

Skill      XL: |  1  2  3  4 |
---------------+-------------+-----
Armour         | 3 |  3.7
Long Blades    | 2 |  2.9
Shields        | 3 |  3.2
Dodging        | 1 |  1.2
Fighting       | |  3.3
Stealth        | |  0.3

Action                   |  1- 3 |  4- 6 || total
-------------------------+-------+-------++-------
Melee: Long sword        |   136 |    79 ||   215
       Kick              |       |    21 ||    21
  Use: Potion            |       |     4 ||     4
       Scroll            |       |     3 ||     3
 Stab: Sleeping          |     1 |       ||     1
  Eat: Chunk             |     2 |     3 ||     5
Armor: Scale mail        |    73 |    51 ||   124
Dodge: Dodged            |    40 |    35 ||    75
Block: Shield            |    69 |    53 ||   122
       Rpst.: Long sword |    13 |    15 ||    28
